 Dungeon Crawl Stone Soup version 0.32-a0-18-g89e19f1974 (webtiles) character file.

Game seed: 9355607936596138306

88 runemasterragnar the Changeling (level 4, -1/33 HPs)
             Began as a Merfolk Shapeshifter on Jan 17, 2024.
             Slain by a gnoll
             ... wielding a +0 whip
              (8 damage)
             ... on level 3 of the Dungeon.
             The game lasted 00:03:16 (1952 turns).

runemasterragnar the Changeling (MfSh)              Turns: 1952, Time: 00:03:16

Health: -1/33      AC:  2    Str: 14    XL:     4   Next: 54%
Magic:  4/4        EV: 13    Int: 11    God:
Gold:   79         SH:  0    Dex: 13    Spells: 3/3 levels left

rFire   . .          .
                       - Unarmed
rCold   . . .        (no shield)
rNeg    + . .        a - +0 animal skin
rPois   .            (helmet currently unavailable)
rElec   .            (cloak currently unavailable)
rCorr   +            (gloves currently unavailable)
SInv    .            (boots currently unavailable)
Will    .....        (no amulet)
Stlth   +            k - ring of resist corrosion
HPRegen 0.25/turn    j - ring of positive energy
MPRegen 0.09/turn

%: no passive effects
@: beast-form
A: beast (slay +2), (nimble swimmer 2), mertail
a: Begin Untransformation


You were on level 3 of the Dungeon.
You were a hulking beast.
You visited 1 branch of the dungeon, and saw 3 of its levels.

You collected 79 gold pieces.

Inventory:

Hand Weapons
 o - the +6 dagger of Duty {venom, rElec rN+ Str-4}
   (You found it on level 2 of the Dungeon)

   Str-4:     It affects your strength (-4).
   rElec:     It insulates you from electricity.
   rN+:       It protects you from negative energy.
Armour
 a - a +0 animal skin (worn)
 e - a +2 cloak
Jewellery
 j - a ring of positive energy (right hand)
 k - a ring of resist corrosion (left hand)
Talismans
 c - a beast talisman
 d - a flux talisman
Potions
 b - a potion of lignification
 f - 2 potions of curing
 g - 2 potions of might {unknown}
 m - a potion of berserk rage {unknown}


   Skills:
 + Level 2.2 Fighting
 + Level 3.8 Dodging
 + Level 4.1 Unarmed Combat
 + Level 4.7 Shapeshifting


You had 3 spell levels left.
You didn't know any spells.
Your spell library contained the following spells:

 Spells                   Type           Power      Damage    Failure   Level
 Apportation              Tloc           0%         N/A       34%         1
 Necrotise                Necr           0%         1d4       34%         1
 Sting                    Conj/Alch      0%         1d3       34%         1
 Summon Small Mammal      Summ           0%         N/A       34%         1


Dungeon Overview and Level Annotations

Branches:
Dungeon (3/15)

Altars:
Zin


Innate Abilities, Weirdness & Mutations

You are a hulking beast.
Your limbs bulge with bestial killing power. (Slay +2)
((You are very nimble when in or above water. (Stealth+, EV+, Speed+++)))
Your lower body shifts to a powerful aquatic tail in water.


Message History

There is a stone staircase leading down here.
You now have 78 gold pieces (gained 14).
You hear the slow rusting of a very distant drain.
f - 3 golden potions (gained 1)
Found a stone staircase leading down.
You now have 79 gold pieces (gained 1). 2 gnolls come into view.
The gnoll shouts! x2
There are monsters nearby!
A gnoll comes into view. It is wielding a +0 whip.
A gnoll comes into view. It is wielding a +0 whip.
The gnoll shouts! x2; You hear a shout! x2
The gnoll hits you from afar with a +0 spear.
You hit the gnoll.
The gnoll is moderately wounded.
The gnoll hits you with a +0 whip.
The gnoll hits you from afar with a +0 spear.
Unknown command.
Found a spear.
There is a stone staircase leading down here.
There is a stone staircase leading down here.
The gnoll hits you with a +0 whip.
You barely miss the gnoll. The gnoll barely misses you.
You barely miss the gnoll. The gnoll completely misses you.
The gnoll hits you from afar with a +0 spear.
The gnoll barely misses you. The gnoll hits you with a +0 whip.
You punch the gnoll!
The gnoll is severely wounded.
The gnoll hits you from afar with a +0 spear.
The gnoll hits you but does no damage. The gnoll hits you with a +0 whip.
* * * LOW HITPOINT WARNING * * *
The gnoll hits you with a +0 whip.
* * * LOW HITPOINT WARNING * * *
It was a potion of curing.
You feel better.
The gnoll hits you from afar with a +0 spear.
* * * LOW HITPOINT WARNING * * *
The gnoll misses you. The gnoll closely misses you.
The gnoll hits you with a +0 whip!
You die...

####.#..# #..>..†## . ##
###.##..## #. ....#...##..#
#. #......##..## #.. ##
###########......## #..#.
.....#.#.#.......#
#.#....####g...#.#....##..#
#.......>.hg.8.#8#.8..# #.#
##.).##..g##g..#.#...## #.#
#. #####.###.#.###.# #)#
##.8.###.8.## #.#
#.###.#.###.# #..
###...#.#†..######
#...8.#8#.8....###
#.....#.#......... ♣.
##g...#.#.#......#.


You could see 4 gnolls.

Vanquished Creatures
  Terence (D:3)
  3 adders
  2 dart slugs
  4 ball pythons
  4 bats
  4 endoplasms
  A giant cockroach (D:1)
  3 goblins
  A hobgoblin (D:2)
  2 jackals (D:3)
  A quokka (D:3)
  2 kobolds
  3 rats
31 creatures vanquished.

Notes
Turn   | Place    | Note
-------+----------+-------------------------------------------
     0 | D:1      | runemasterragnar the Merfolk Shapeshifter began the quest
                  | for the Orb.
     0 | D:1      | Reached XP level 1. HP: 15/15 MP: 1/1
   178 | D:1      | Reached XP level 2. HP: 19/21 MP: 2/2
   590 | D:2      | Reached XP level 3. HP: 16/27 MP: 3/3
  1273 | D:2      | Identified the +6 dagger of Duty {venom, rElec rN+ Str-4}
  1685 | D:3      | Noticed Terence
  1691 | D:3      | Found a glowing silver altar of Zin.
  1742 | D:3      | HP: 1/27 [jackal (2)]
  1752 | D:3      | Reached XP level 4. HP: 26/33 MP: 4/4
  1825 | D:3      | Killed Terence
  1952 | D:3      | Slain by a gnoll

Illustrated notes

Levels and vault maps discovered:
D:1:      lightli_arrival_lavapool, layout_basic, nicolae_figureground_sparkle
D:2:      layout_loops_ring, serial_co_window_serial, co_window_cross_1,
          co_window_paths_a, co_window_cross_1, co_window_corner_a,
          co_window_paths_b, co_window_corner_a, co_window_corner_a,
          co_window_broadway_c, co_window_2corner, co_window_paths_c,
          glass_columns_a, glass_columns_b, glass_columns_a, glass_columns_a
D:3:      layout_rooms, overflow_temple_1_default,
          gammafunk_temple_overflow_elements, nicolae_hepliaklqana_hippocampus,
          cheibrodos_sewer_entry_bend, hangedman_decor_growths, nrook_campfire,
          nicolae_twisty_statue_hallways, uniq_terence, uniq_sigmund

Skill      XL: |  1  2  3 |
---------------+----------+-----
Dodging        | 3 |  3.8
Fighting       | 2 |  2.2
Unarmed Combat | 4 |  4.1
Shapeshifting  | |  4.7

Action                     |  1- 3 |  4- 6 || total
---------------------------+-------+-------++-------
  Melee: Unarmed           |    82 |    18 ||   100
         Punch             |     1 |       ||     1
    Use: Potion            |     3 |     1 ||     4
         Scroll            |     3 |       ||     3
   Stab: Sleeping          |     2 |       ||     2
 Armour: Animal skin       |    38 |    15 ||    53
  Dodge: Dodged            |    50 |    13 ||    63

Table legend: (Time is in decaauts)
 A = Elapsed time spent in this place.
 B = Non-inter-level travel time spent in this place.
 C = Inter-level travel time spent in this place.
 D = Time resting spent in this place.
 E = Time spent auto-exploring this place.
 F = Levels seen in this place.
 G = Mean time per level.
                   A        B        C        D        E       F      G
               +--------+--------+--------+--------+--------+-----+--------+
         Total |   1923 |   1809 |    114 |    124 |   1412 |   3 |  641.0 |
       Dungeon |   1923 |   1809 |    114 |    124 |   1412 |   3 |  641.0 |
               +--------+--------+--------+--------+--------+-----+--------+

Top non-repeatable levels by time:
     D:2: 1103 daAuts
     D:1: 571 daAuts
     D:3: 248 daAuts
